cohdb
Replays
Latest Replays
All Replays
Popular Replays
Top Player Replays
Match Explorer
How It Works
Community
CoH3 Stats
Reddit
Sign in to upload your games and track your stats! →
Sign in with Steam
Match 41784567
Unlisted
Match 41784567
Overview
Messages
Build Orders
End
Kradschützen Motorcycle Team
Panzerpioneer Squad
Panzergrenadier Squad
Panzergrenadier Squad
250 Light Carrier
Panzerpioneer Squad
Construct Light Support Kompanie
Combat Half-tracks
MG34 Team
Fire Support Elements
Vehicle Survival Package
Construct Panzerarmee Kommand
Flakvierling Half-track
Panzerjäger Mechanized Group
Construct Panzerarmee Kommand
Panzer III L Medium Tank
Selects Armored Support Battlegroup
Selects Veteran Gunners
Selects Salvage Kits
Selects Flammpanzer III Medium Tank
Selects Command Panzer IV F Medium Tank
Panzer III L Medium Tank
Rapid Advance
Emergency Repair Kits
(502) Bad Gateway
Backslider
0
0
Comments
sign in to comment!
No comments posted yet!